 Dungeon Crawl Stone Soup version 0.26.1-11-gd32895ea62 (webtiles) character file.

Game seed: 3532699012076352067

362 rhet the Gusty (level 6, 0/32 HPs)
             Began as a Tengu Air Elementalist on June 27, 2021.
             Was an Initiate of Vehumet.
             Slain by Pikel
             ... wielding a +2 whip of flaming
              (9 damage)
             ... on level 5 of the Dungeon.
             The game lasted 00:14:11 (7903 turns).

rhet the Gusty (Tengu Air Elementalist)             Turns: 7903, Time: 00:14:12

Health: 0/32       AC:  2    Str:  8    XL:     6   Next: 66%
Magic:  2/11       EV: 16    Int: 18    God:    Vehumet [......]
Gold:   293        SH:  5    Dex: 14    Spells: 5/11 levels left

rFire    . . .     SeeInvis .   c - +0 dagger
rCold    + . .     Faith    .   (no shield)
rNeg     . . .     Spirit   .   a - +0 robe
rPois    .         Reflect  +   (helmet restricted)
rElec    .         Harm     .   (no cloak)
rCorr    .         Rampage  .   (no gloves)
Will     .....                  (boots unavailable)
Stlth    ++........             o - amulet of reflection
HPRegen  0.10/turn              x - ring of protection from cold
MPRegen  0.12/turn              (no ring)

@: flying quickly and evasively, quick
A: beak, talons 3, able to fly
a: Stop Flying, Renounce Religion


You were on level 5 of the Dungeon.
You worshipped Vehumet.
Vehumet was noncommittal.
You visited 1 branch of the dungeon, and saw 5 of its levels.

You collected 293 gold pieces.

Inventory:

Hand Weapons
 c - a +0 dagger (weapon)
Armour
 a - a +0 robe (worn)
Magical Staves
 q - an uncursed staff of death
Jewellery
 i - an uncursed amulet of magic regeneration
 o - an amulet of reflection (around neck)
 x - a ring of protection from cold (left hand)
Wands
 f - a wand of paralysis (10)
 s - a wand of polymorph (12)
 v - a wand of enslavement (9)
Scrolls
 b - 3 scrolls of identify
 d - 4 scrolls of remove curse
 h - 4 scrolls of enchant weapon {unknown}
 k - 2 scrolls of fog {unknown}
 l - 2 scrolls of blinking {unknown}
 m - 2 scrolls of magic mapping {unknown}
 n - a scroll of enchant armour {unknown}
 p - 4 scrolls of teleportation {unknown}
 t - a scroll of immolation {unknown}
 u - a scroll of random uselessness {unknown}
Potions
 e - a potion of berserk rage {unknown}
 g - 3 potions of curing
 j - a potion of might {unknown}
 w - a potion of mutation {unknown}


   Skills:
 + Level 3.7 Dodging
 - Level 2.0 Stealth
 + Level 3.0 Spellcasting
 * Level 4.9 Conjurations
 * Level 6.4 Air Magic


You had 5 spell levels left.
You knew the following spells:

 Your Spells              Type           Power        Failure   Level
a - Shock                 Conj/Air       92%          1%          1
b - Swiftness             Air            25%          1%          2
c - Static Discharge      Conj/Air       23%          4%          3

Your spell library contained the following spells:

 Spells                   Type           Power        Failure   Level
 Airstrike                Air            12%          12%         4
 Lightning Bolt           Conj/Air       11%          41%         5


Dungeon Overview and Level Annotations

Branches:
Dungeon (5/15)
 Temple: D:4-7

Altars:
Makhleb
Vehumet

Shops:
D:5 *

Annotations:
D:5 Pikel


Innate Abilities, Weirdness & Mutations

You have a beak for a mouth.
You have claws for feet.
You can fly continuously.


Message History

The lemure is heavily wounded.
The lemure is struck by an arc of lightning.
The lemure is lightly wounded.
The lemure is struck by an arc of lightning.
The lemure is severely wounded.
The lightning grounds out.
The lemure closely misses you.
Pikel hits you with a +2 whip of flaming!
* * * LOW HITPOINT WARNING * * *
Pikel burns you.
* * * LOW HITPOINT WARNING * * *
It was a potion of curing.
You feel better. The lemure hits you but does no damage.
Pikel hits you with a +2 whip of flaming.
* * * LOW HITPOINT WARNING * * *
Pikel burns you.
* * * LOW HITPOINT WARNING * * *
You feel better. The lemure hits you.
* * * LOW HITPOINT WARNING * * *
Pikel hits you with a +2 whip of flaming!
You die...

.# . #.# .. #.# ##### ... #.#
#...#### ........# #.####
#.#.##.. #.......# #....#
#....#..
####.......####.##.#####..#..
...........K@555............#
.........####.#.######.....
...... #........#.....
#'########5..####.#..##.
#.######...5.5...........#..##.
#.........#######.########..##.
########...# #.......###..##.
#.#.# #..#............ #.#.##
#..#............


You could see Pikel and 3 lemures.

Vanquished Creatures
  A bullfrog zombie (D:5)
  A crimson imp (D:3)
  A jelly (D:5)
  A hound (D:4)
  An iguana (D:5)
  2 worker ants
  6 adders
  An ufetubus (D:5)
  2 oozes (D:1)
  3 worms
  3 dart slugs
  5 leopard geckos
  2 orcs (D:3)
  9 bats
  4 giant cockroaches
  14 goblins
  9 hobgoblins
  4 jackals (D:5)
  3 quokkas (D:2)
  2 ball pythons
  2 frilled lizards
  5 kobolds
  7 rats
88 creatures vanquished.

Vanquished Creatures (others)
  A lemure (D:5)
1 creature vanquished.

Grand Total: 89 creatures vanquished

Notes
Turn   | Place    | Note
-------+----------+-------------------------------------------
     0 | D:1      | rhet the Tengu Air Elementalist began the quest for the
                  | Orb.
     0 | D:1      | Reached XP level 1. HP: 10/10 MP: 4/4
   518 | D:1      | Reached XP level 2. HP: 12/15 MP: 1/6
  1317 | D:1      | Reached XP level 3. HP: 16/19 MP: 1/7
  2165 | D:1      | Learned a level 2 spell: Swiftness
  2831 | D:2      | Reached XP level 4. HP: 24/24 MP: 4/8
  3447 | D:2      | Reached skill level 5 in Air Magic
  4146 | D:3      | Learned a level 3 spell: Static Discharge
  4180 | D:3      | Found a burning altar of Makhleb.
  4180 | D:3      | Found a radiant altar of Vehumet.
  4185 | D:3      | Gained mutation: You can fly continuously. [Tengu growth]
  4185 | D:3      | Reached XP level 5. HP: 28/28 MP: 4/9
  4203 | D:3      | Became a worshipper of Vehumet
  5967 | D:4      | Reached XP level 6. HP: 31/32 MP: 7/11
  6406 | D:4      | Noticed a phantom
  6469 | D:5      | Entered Level 5 of the Dungeon
  6543 | D:5      | Reached skill level 6 in Air Magic
  7250 | D:5      | Found Ixeurri's Elemental Accessories.
  7879 | D:5      | Noticed Pikel
  7903 | D:5      | Slain by Pikel

Illustrated notes

Levels and vault maps discovered:
D:1:      dpeg_arrival_more_subterranean_lakeside_camping, layout_loops_corners
D:2:      cheibrodos_greedy_goblins, layout_basic, minmay_statues_item,
          amcnicky_mini_rare_corridor_liquid, minmay_vboxes
D:3:      layout_rooms, grunt_temple_overflow_lords_of_destruction
D:4:      layout_basic, uniq_grinder
D:5:      layout_basic, kennysheep_little_box, nicolae_elemental_shop,
          hangedman_decor_push, uniq_pikel, uniq_ijyb, uniq_crazy_yiuf_cottage

Skill      XL: |  1  2  3  4  5  6 |
---------------+-------------------+-----
Conjurations   | 2 3 4 |  4.9
Air Magic      | 5 6 |  6.4
Dodging        | 3 |  3.7
Spellcasting   | 3 |  3.0
Stealth        | |  2.0

Action                   |  1- 3 |  4- 6 || total
-------------------------+-------+-------++-------
Melee: Dagger            |     2 |    17 ||    19
       Kick              |     1 |     1 ||     2
 Cast: Shock             |    86 |   108 ||   194
       Static Discharge  |       |     7 ||     7
 Abil: Fly               |       |     1 ||     1
Evoke: Wand              |       |     3 ||     3
  Use: Scroll            |       |     6 ||     6
       Potion            |       |     3 ||     3
 Stab: Sleeping          |     1 |       ||     1
Armor: Robe              |     3 |     4 ||     7
       Skin              |       |    15 ||    15
Dodge: Dodged            |    10 |    18 ||    28
Block: Other             |       |     6 ||     6
       Reflection        |       |     1 ||     1
